Map: Simulacro LE

Players

LowLinK

  • Race: Protoss Protoss
  • League: Diamond
  • Spawn Location: 5:00

LuizZeus - Winner!

  • Race: Terran Terran
  • League: Diamond
  • Spawn Location: 11:00

VOD

Have the link to the VOD?

Description

Time

  • Played on: Feb. 16, 2020, 1:14 p.m.
  • Length: 4:58
Show
View Real Time Build Order
Export as new Build Order

LowLinK Protoss 

Build Orders:  

Get SALT Encoding   

  12  0:01  Probe  
  13  0:13  Probe  
  14  0:20  Pylon  
  14  0:25  Probe  
  15  0:38  Probe (Chrono Boost)  
  15  0:39  Gateway  
  16  0:45  Assimilator  
  17  0:50  Probe (Chrono Boost)  
  17  0:57  Probe (Chrono Boost)  
  17  1:02  Assimilator  
  18  1:05  Probe  
  19  1:14  Pylon  
  19  1:17  Probe  
  20  1:26  Cybernetics Core  
  20  1:29  Probe  
  21  1:43  Probe  
  22  1:53  Pylon  
  22  1:55  Probe  
  22  1:56  Warp Gate (Chrono Boost)  
  23  2:12  Gateway  
  23  2:15  Stalker  
  25  2:28  Probe  
  26  2:34  Gateway  
  26  2:36  Gateway  
  26  2:38  Gateway  
  26  2:44  Pylon  
  22  3:26  Probe  
  16  3:35  Stalker x3  
  16  3:38  Probe  
  21  3:43  Zealot  
  21  3:53  Stalker  
  21  4:00  Zealot  
  21  4:08  Probe  
  18  4:14  Sentry  
  20  4:18  Stalker  
  20  4:32  Zealot  
Show
View Real Time Build Order
Export as new Build Order

LuizZeus Terran - Winner!

Build Orders:  

Get SALT Encoding   

  12  0:00  SCV  
  13  0:14  SCV  
  13  0:19  Supply Depot  
  14  0:26  SCV  
  15  0:41  Refinery  
  15  0:44  Barracks  
  16  0:50  SCV  
  16  1:01  Barracks  
  16  1:07  SCV  
  17  1:19  SCV  
  18  1:31  SCV  
  18  1:32  Supply Depot  
  19  1:37  Barracks  
  19  1:42  Barracks Tech Lab  
  19  1:47  SCV  
  19  1:50  Barracks Tech Lab  
  20  2:01  Marauder  
  22  2:02  Concussive Shells  
  22  2:08  SCV  
  23  2:19  Marauder  
  23  2:21  SCV  
  26  2:23  Marauder  
  28  2:34  Barracks Tech Lab  
  28  2:38  Supply Depot  
  28  2:42  Marauder  
  30  2:53  Marauder  
  31  3:00  Marauder  
  33  3:18  Marauder x2  
  37  3:21  Marauder  
  37  3:22  Bunker  
  33  3:40  Marauder x2  
  37  3:48  Marauder  
  37  3:50  SCV  
  37  4:15  SCV  
Tags
 
Add a new tag
Caveats
  • Supply blocks, unpowered buildings, or Contaminate may cause inaccurate times.
  • Supply counts are checked every 10 seconds.